Map: Pride of Altaris LE

Players

Wesley

  • Race: Protoss Protoss
  • League: Diamond
  • Spawn Location: 5:00

Pumba - Winner!

  • Race: Protoss Protoss
  • League: Diamond
  • Spawn Location: 11:00

VOD

Have the link to the VOD?

Description

Time

  • Played on: Feb. 15, 2022, 10:06 p.m.
  • Length: 8:40
Show
View Real Time Build Order
Export as new Build Order

Wesley Protoss 

Build Orders:  

Get SALT Encoding   

  12  0:00  Probe  
  13  0:12  Probe  
  14  0:18  Pylon  
  14  0:25  Probe  
  15  0:37  Probe (Chrono Boost)  
  15  0:39  Forge  
  16  0:49  Probe (Chrono Boost)  
  17  0:54  Probe (Chrono Boost)  
  18  1:03  Probe  
  19  1:12  Pylon  
  19  1:13  Pylon  
  19  1:14  Pylon  
  19  1:24  Gateway  
  18  1:26  Assimilator  
  18  1:28  Assimilator  
  18  1:29  Probe (Chrono Boost)  
  19  1:39  Probe (Chrono Boost)  
  20  1:44  Probe (Chrono Boost)  
  20  1:46  Pylon  
  21  1:55  Probe  
  22  2:08  Probe, Photon Cannon  
  23  2:10  Photon Cannon  
  23  2:15  Photon Cannon  
  23  2:20  Probe  
  23  2:22  Cybernetics Core  
  24  2:32  Probe  
  25  2:44  Probe  
  26  2:51  Nexus  
  26  2:53  Warp Gate (Chrono Boost)  
  26  2:56  Probe  
  27  3:05  Pylon  
  27  3:08  Probe  
  28  3:20  Photon Cannon  
  28  3:28  Photon Cannon  
  28  3:40  Shield Battery  
  27  3:43  Shield Battery  
  27  3:47  Probe, Pylon  
  28  3:55  Pylon  
  28  4:00  Probe  
  29  4:03  Probe  
  29  4:09  Photon Cannon  
  29  4:28  Stalker  
  29  4:57  Stalker  
  30  5:14  Probe x2  
  32  5:28  Gateway  
  32  5:29  Gateway  
  32  5:31  Gateway  
  32  5:33  Pylon  
  32  5:37  Sentry  
  32  5:41  Gateway  
  32  5:42  Probe x2  
  36  5:44  Pylon  
  36  5:52  Shield Battery  
  36  5:55  Protoss Ground Weapons Level 1 (Chrono Boost)  
  36  5:56  Shield Battery  
  36  5:58  Pylon  
  36  6:05  Probe  
  36  6:07  Probe  
  36  6:09  Sentry  
  40  6:22  Gateway  
  40  6:26  Pylon  
  40  6:28  Gateway  
  40  6:35  Sentry x2  
  40  6:37  Stalker  
  40  6:38  Sentry  
  48  6:50  Twilight Council  
  48  6:51  Pylon  
  48  6:56  Zealot  
  50  7:02  Zealot  
  50  7:03  Zealot  
  50  7:05  Sentry x2  
  58  7:18  Stalker x2  
  62  7:31  Stalker x3  
  62  7:32  Sentry  
  62  7:34  Sentry  
  62  7:52  Stalker  
  62  7:53  Stalker  
  62  7:57  Stalker x2  
  62  7:58  Stalker  
  72  8:11  Probe x2 (Chrono Boost), Assimilator  
  74  8:13  Assimilator  
  75  8:21  Probe x2 (Chrono Boost)  
Show
View Real Time Build Order
Export as new Build Order

Pumba Protoss - Winner!

Build Orders: Oracle Opening 

Get SALT Encoding   

  12  0:00  Probe  
  13  0:12  Probe  
  14  0:17  Pylon  
  14  0:25  Probe (Chrono Boost)  
  15  0:37  Probe (Chrono Boost)  
  15  0:39  Gateway  
  16  0:45  Probe (Chrono Boost)  
  16  0:49  Assimilator  
  17  0:51  Probe  
  17  0:55  Assimilator  
  18  1:03  Probe (Chrono Boost)  
  19  1:13  Probe (Chrono Boost)  
  19  1:18  Probe (Chrono Boost)  
  20  1:20  Gateway  
  21  1:29  Probe  
  22  1:36  Cybernetics Core  
  22  1:42  Probe  
  23  1:47  Pylon  
  23  2:00  Pylon  
  23  2:05  Probe  
  24  2:12  Stalker  
  24  2:13  Stalker  
  28  2:19  Warp Gate  
  28  2:31  Stargate  
  28  2:38  Pylon  
  28  2:40  Probe  
  29  3:01  Nexus  
  29  3:12  Oracle (Chrono Boost)  
  29  3:16  Adept  
  34  3:22  Adept  
  36  3:28  Probe  
  37  3:40  Probe  
  38  3:44  Twilight Council  
  38  3:52  Probe  
  39  3:57  Pylon  
  39  4:12  Probe  
  40  4:25  Probe (Chrono Boost)  
  40  4:28  Probe (Chrono Boost)  
  42  4:37  Probe (Chrono Boost)  
  44  4:39  Nexus  
  44  4:40  Probe (Chrono Boost)  
  44  4:45  Probe (Chrono Boost)  
  42  4:54  Probe (Chrono Boost)  
  44  5:07  Assimilator  
  44  5:08  Blink  
  44  5:10  Probe (Chrono Boost)  
  44  5:12  Forge  
  44  5:13  Probe (Chrono Boost)  
  45  5:14  Forge  
  45  5:16  Robotics Facility  
  45  5:18  Probe (Chrono Boost)  
  45  5:19  Probe (Chrono Boost)  
  43  5:26  Assimilator, Pylon  
  43  5:31  Probe (Chrono Boost)  
  43  5:35  Probe (Chrono Boost)  
  45  5:38  Probe (Chrono Boost)  
  45  5:42  Probe (Chrono Boost)  
  47  5:45  Probe (Chrono Boost)  
  48  5:51  Probe (Chrono Boost)  
  48  5:53  Protoss Ground Armor Level 1  
  48  5:54  Protoss Ground Weapons Level 1  
  51  5:57  Probe (Chrono Boost)  
  51  5:59  Probe (Chrono Boost)  
  51  6:01  Probe (Chrono Boost)  
  51  6:03  Probe (Chrono Boost)  
  53  6:06  Probe x2 (Chrono Boost)  
  55  6:11  Probe  
  55  6:17  Gateway, Probe  
  55  6:18  Probe, Gateway  
  58  6:19  Gateway, Stalker  
  58  6:23  Probe  
  58  6:25  Gateway  
  61  6:30  Gateway  
  61  6:31  Gateway  
  61  6:32  Gateway  
  61  6:34  Pylon  
  61  6:40  Warp Prism  
  61  6:42  Probe (Chrono Boost)  
  61  6:46  Probe (Chrono Boost)  
  66  6:48  Probe (Chrono Boost)  
  66  6:53  Probe (Chrono Boost)  
  68  6:56  Nexus, Probe (Chrono Boost)  
  68  6:57  Probe (Chrono Boost)  
  68  6:58  Probe (Chrono Boost), Pylon  
  70  7:06  Probe  
  70  7:07  Probe  
  72  7:18  Stalker x5  
  72  7:21  Shield Battery  
  82  7:23  Photon Cannon  
  82  7:26  Stalker  
  82  7:27  Stalker x2  
  82  7:28  Stalker  
  90  7:31  Pylon x2  
  86  7:48  Stalker x5  
  96  7:59  Stalker x4  
  104  8:09  Probe x2, Gateway  
  104  8:11  Gateway  
  106  8:22  Gateway  
  104  8:33  Stalker x5  
  104  8:34  Stalker x3  
Tags
 
Add a new tag
Caveats
  • Supply blocks, unpowered buildings, or Contaminate may cause inaccurate times.
  • Supply counts are checked every 10 seconds.